 Dungeon Crawl Stone Soup version 0.18.1-8-gdd0e5ea (webtiles) character file.

40 Hipnos the Caller (level 3, -1/24 HPs)
             Began as a Mummy Summoner on May 22, 2016.
             Slain by a gnoll
             ... wielding a +0 spear
              (6 damage)
             ... on level 2 of the Dungeon.
             The game lasted 00:06:22 (2677 turns).

Hipnos the Caller (Mummy Summoner)                  Turns: 2677, Time: 00:06:23

Health: -1/24      AC:  3    Str: 11    XL:     3   Next: 30%
Magic:  2/6        EV: 12    Int: 18    God:
Gold:   121        SH:  0    Dex: 12    Spells: 2 memorised, 3 levels left

rFire  x . .     SeeInvis .     f - +0 spear
rCold  + . .     Gourm    .     a - +0 robe
rNeg   + + +     Faith    .     (no shield)
rPois  ∞         Spirit   .     (no helmet)
rElec  .         Dismiss  .     (no cloak)
rCorr  .         Reflect  .     (no gloves)
SustAt .         Harm     .     g - +0 pair of boots
MR     .....                    (no amulet)
Stlth  ++........               (no ring)
                                i - +3 ring of intelligence

@: not resistant to hostile enchantments, unstealthy
A: no food or potions, fire vulnerability, cold resistance 1, negative energy
resistance 3, torment resistance, unbreathing
a: no special abilities


You were on level 2 of the Dungeon.
You were not hungry.

You visited 1 branch of the dungeon, and saw 3 of its levels.

You collected 121 gold pieces.

Inventory:

Hand Weapons
 f - a +0 spear (weapon)
Armour
 a - a +0 robe (worn)
 g - a +0 pair of boots (worn)
Jewellery
 i - a +3 ring of intelligence (left hand)
 j - an uncursed amulet of faith {unknown}
Scrolls
 c - a scroll of noise {unknown}
 d - 3 scrolls of enchant weapon {unknown}
 e - a scroll of recharging {unknown}
 h - a scroll of teleportation {unknown}
 k - a scroll of fear {unknown}
 l - a scroll of magic mapping {unknown}
Books
 b - a book of Callings

   Spells                             Type                      Level
   a - Summon Small Mammal            Summoning                    1
   b - Call Imp                       Summoning                    2
   c - Call Canine Familiar           Summoning                    3
   d - Summon Guardian Golem          Hexes/Summoning              3
   e - Summon Lightning Spire         Summoning/Air                4
   f - Summon Ice Beast               Ice/Summoning                4


   Skills:
 - Level 1.6 Dodging
 - Level 1.5 Stealth
 + Level 2.2 Spellcasting
 + Level 4.1 Summonings


You had 3 spell levels left.
You knew the following spells:

 Your Spells              Type           Power        Failure   Level  Hunger
a - Summon Small Mammal   Summ           ###.         3%          1    N/A
b - Call Imp              Summ           ###.....     6%          2    N/A

Dungeon Overview and Level Annotations

Branches:
Dungeon (3/15)

Altars:
Makhleb
Zin


Innate Abilities, Weirdness & Mutations

You do not eat or drink.
Your flesh is vulnerable to fire.
You are immune to poison.
Your flesh is cold resistant.
You are immune to negative energy.
You are immune to unholy pain and torment.
You can survive without breathing.


Message History

There is a stone staircase leading down here.
You climb downwards.
The gnoll completely misses you. The gnoll barely misses you. x3
There is a stone staircase leading up here.
The gnoll hits you. The gnoll hits you with a spear.
You climb upwards.
There is a stone staircase leading down here.
Casting: Summon Small Mammal
Confirm with . or Enter, or press ? or * to list all spells.
A beastly little devil appears in a puff of flame.
Your crimson imp says, "You called?"
The gnoll barely misses you. The gnoll closely misses you.
Casting: Call Imp
Confirm with . or Enter, or press ? or * to list all spells.
A beastly little devil appears in a puff of flame.
The gnoll hits you. The gnoll hits you with a spear!
* * * LOW HITPOINT WARNING * * *
The gnoll hits your crimson imp but does no damage.
The gnoll hits you from afar with a spear.
You die...

#...# ###### #####...# #....#
........# #.##.# #.......##
#.##.# '........# #.##.#
#.......!# ### #.##.# ###'###..#
#.# #(##.# .........#
#####.####<##.#
...).<...#####..@5.......#.#
.............'..5>g........#
###.....######..g......#.#.###
#.........####.............#
#.........# #..†......#.#.#
###.........#####).##....+.#.#
............'...#..##....###.####
#####.......#.............##.....
#########......######.####.##


You could see 2 gnolls and 2 friendly crimson imps.

Vanquished Creatures
  A ball python (D:1)
  A giant cockroach (D:2)
  A jackal (D:1)
  A kobold (D:2)
  A bat (D:2)
  A giant newt (D:2)
6 creatures vanquished.

Vanquished Creatures (collateral kills)
  A gnoll (D:2)
  An ooze (D:2)
  2 dart slugs (D:2)
  A giant gecko (D:1)
  A ball python (D:1)
  3 bats
  A giant cockroach (D:1)
  4 goblins (D:1)
  5 hobgoblins
  7 jackals
  4 kobolds (D:1)
  A quokka (D:2)
  A giant newt (D:1)
  A rat (D:1)
33 creatures vanquished.

Grand Total: 39 creatures vanquished

Notes
Turn   | Place    | Note
--------------------------------------------------------------
     0 | D:1      | Hipnos the Mummy Summoner began the quest for the Orb.
     0 | D:1      | Reached XP level 1. HP: 13/13 MP: 3/3
   657 | D:1      | Reached XP level 2. HP: 18/19 MP: 1/5
   948 | D:1      | Learned a level 2 spell: Call Imp
  1803 | D:2      | Reached skill level 4 in Summonings
  1846 | D:2      | Found a burning altar of Makhleb.
  1851 | D:2      | Found a glowing silver altar of Zin.
  1851 | D:2      | Noticed an angel
  1852 | D:2      | Noticed a green death
  2054 | D:2      | Reached XP level 3. HP: 23/24 MP: 6/6
  2677 | D:2      | Slain by a gnoll

Skill      XL: |  1  2 |
---------------+-------+-----
Summonings     | 4 |  4.1
Dodging        | |  1.6
Stealth        | |  1.5
Spellcasting   | |  2.2

Action                   || total
-------------------------++-------
Melee: Unarmed           ||    24
       Spear             ||    27
 Cast: Summon Small Mamm ||    35
       Call Imp          ||    22
 Stab: Sleeping          ||     2
       Distracted        ||     2
Armor: Robe              ||    27
Dodge: Dodged            ||    64
